Map: Acid Plant LE

Players

llllllllllll

  • Race: Protoss Protoss
  • League: Grandmaster
  • Spawn Location: 11:00

NORTHAMERICA - Winner!

  • Race: Protoss Protoss
  • League: Grandmaster
  • Spawn Location: 5:00

VOD

Have the link to the VOD?

Description

Time

  • Played on: Nov. 9, 2018, 1:16 a.m.
  • Length: 20:44
Show
View Real Time Build Order
Export as new Build Order

llllllllllll Protoss 

Build Orders:  

Get SALT Encoding   

  12  0:00  Probe  
  13  0:12  Probe  
  14  0:17  Pylon  
  14  0:25  Probe  
  15  0:35  Gateway  
  15  0:36  Probe  
  16  0:44  Assimilator  
  16  0:45  Probe  
  17  0:52  Assimilator  
  17  0:53  Probe  
  18  1:02  Probe  
  18  1:10  Probe  
  19  1:13  Gateway  
  20  1:19  Probe  
  21  1:25  Cybernetics Core  
  21  1:31  Probe  
  22  1:36  Pylon  
  22  1:43  Probe  
  23  1:53  Warp Gate  
  23  1:55  Probe  
  24  2:02  Stalker x2  
  28  2:12  Pylon  
  28  2:20  Shield Battery  
  28  2:39  Stalker x2  
  31  2:46  Robotics Facility  
  31  3:04  Probe  
  32  3:17  Nexus  
  32  3:25  Immortal  
  32  3:39  Pylon  
  35  3:55  Warp Prism  
  35  4:02  Sentry x2  
  39  4:08  Probe  
  42  4:15  Pylon  
  42  4:26  Stalker  
  42  4:27  Stalker  
  42  4:28  Observer  
  42  4:31  Probe  
  48  4:41  Probe  
  48  4:42  Observer  
  48  4:43  Probe  
  50  4:47  Twilight Council  
  51  4:53  Probe  
  52  5:01  Adept  
  52  5:02  Adept  
  52  5:04  Probe  
  57  5:11  Probe  
  58  5:16  Probe  
  58  5:20  Forge  
  59  5:23  Probe  
  59  5:27  Blink  
  54  5:37  Probe  
  54  5:39  Immortal  
  51  5:47  Probe  
  51  5:49  Probe  
  57  5:59  Probe  
  57  6:00  Protoss Ground Weapons Level 1  
  57  6:03  Pylon  
  57  6:05  Probe  
  58  6:18  Probe x2  
  54  6:20  Immortal  
  54  6:21  Sentry, Assimilator  
  54  6:24  Assimilator  
  58  6:30  Probe, Shield Battery, Observer  
  58  6:31  Shield Battery  
  57  6:33  Probe  
  58  6:44  Stalker  
  58  6:46  Stalker  
  62  6:55  Probe x2  
  62  6:59  Gateway  
  62  7:00  Gateway  
  64  7:02  Gateway  
  64  7:06  Gateway  
  64  7:08  Gateway  
  64  7:20  Gateway  
  64  7:21  Pylon  
  64  7:24  Warp Prism  
  64  7:27  Sentry x2  
  64  7:29  Probe x2  
  72  7:31  Observer  
  72  7:33  Pylon  
  72  7:38  Observer  
  72  7:41  Protoss Ground Weapons Level 2  
  70  7:50  Observer  
  70  7:52  Probe  
  71  7:58  Charge  
  71  8:01  Probe  
  71  8:04  Probe, Stalker x2  
  71  8:05  Stalker x3  
  83  8:10  Observer  
  84  8:17  Pylon  
  84  8:18  Pylon  
  84  8:32  Stalker  
  84  8:33  Stalker  
  88  8:42  Stalker x4  
  96  8:49  Stalker  
  96  8:51  Stalker  
  100  8:59  Pylon  
  100  9:03  Pylon  
  100  9:16  Nexus  
  98  9:24  Zealot x2  
  98  9:25  Zealot  
  96  9:34  Probe  
  97  9:38  Zealot x2  
  97  9:39  Zealot x2  
  101  9:47  Templar Archives  
  101  9:52  Probe  
  92  9:57  Probe  
  89  10:02  Zealot x4  
  89  10:04  Probe  
  89  10:06  Protoss Ground Weapons Level 3  
  90  10:10  Dark Shrine  
  90  10:11  Observer  
  88  10:15  Probe  
  89  10:30  Probe x2  
  89  10:34  High Templar  
  89  10:35  High Templar x3  
  99  10:36  High Templar  
  99  10:38  Zealot x3  
  107  10:44  Assimilator  
  107  10:45  Probe  
  107  10:46  Probe  
  107  10:49  Assimilator  
  101  11:00  High Templar, Zealot x2  
  101  11:03  Immortal  
  111  11:08  Probe  
  111  11:10  Pylon  
  112  11:12  Pylon  
  112  11:14  Probe  
  113  11:20  Archon x2  
  113  11:21  Archon  
  113  11:22  High Templar  
  113  11:23  High Templar  
  117  11:29  Dark Templar  
  119  11:33  Probe x2  
  119  11:34  Archon  
  121  11:45  Immortal  
  121  11:46  Nexus, Zealot x2  
  128  11:49  Pylon  
  126  11:54  Probe x2  
  126  11:55  Probe  
  126  11:58  High Templar x2  
  133  12:07  Probe x2  
  135  12:14  High Templar  
  135  12:15  High Templar  
  137  12:28  Archon  
  137  12:29  Zealot x4  
  139  12:45  Archon  
  139  12:47  Observer  
  140  12:53  Probe x2  
  140  12:58  Pylon, High Templar x3  
  142  12:59  High Templar, Zealot  
  142  13:00  Zealot x3  
  142  13:02  Archon x2  
  142  13:05  Photon Cannon  
  158  13:07  Warp Prism, Photon Cannon  
  158  13:08  Pylon  
  158  13:11  Photon Cannon  
  152  13:13  Photon Cannon  
  152  13:16  Assimilator  
  152  13:19  Assimilator  
  146  13:27  Zealot x4  
  146  13:42  Zealot x4  
  154  13:57  High Templar x4  
  154  14:01  Archon x2  
  162  14:07  Probe  
  163  14:11  Photon Cannon  
  163  14:12  Probe  
  163  14:13  Photon Cannon  
  162  14:17  Zealot x2  
  162  14:18  Zealot x2  
  163  14:29  Dark Templar  
  163  14:30  Dark Templar x3  
  171  14:34  Protoss Shields Level 1  
  171  14:37  Stargate  
  171  14:40  Pylon  
  171  14:41  Pylon  
  171  14:53  Pylon  
  171  14:55  Photon Cannon  
  169  15:06  Probe x3  
  162  15:22  Nexus  
  162  15:24  Assimilator  
  162  15:26  Stargate  
  162  15:28  Assimilator, Fleet Beacon  
  162  15:29  Pylon  
  162  15:39  Probe  
  163  15:43  Zealot x3  
  163  15:44  Zealot x5  
  163  15:48  Zealot x8  
  159  16:07  Pylon  
  159  16:09  Pylon  
  151  16:16  High Templar  
  151  16:17  High Templar x6  
  151  16:18  High Templar  
  165  16:20  Archon  
  165  16:21  Archon  
  165  16:22  Archon  
  165  16:23  Archon  
  165  16:26  Mothership  
  147  16:44  Probe  
  148  16:52  Zealot x7  
  148  16:53  Zealot  
  124  17:07  Probe  
  103  17:10  Observer  
  89  17:15  High Templar  
  89  17:16  High Templar x3  
  89  17:17  Zealot x4  
  104  17:22  Archon  
  104  17:23  Archon  
  97  17:40  Stalker x4  
  100  17:51  Dark Templar x2  
  90  18:05  Zealot x2  
  86  18:08  Observer  
  86  18:10  Stalker x2  
  90  18:22  Observer  
  76  18:34  Probe x3  
  76  18:36  Zealot x8  
  94  18:46  Probe x2  
  94  18:47  Probe  
  89  18:57  Zealot x7  
  87  19:24  High Templar x2  
  87  19:25  Archon  
  91  19:34  Zealot  
  91  19:35  Zealot  
  91  19:40  Dark Templar  
  91  19:45  Archon  
  89  19:58  Dark Templar  
  57  20:14  Stalker x2  
  43  20:15  Zealot  
Show
View Real Time Build Order
Export as new Build Order

NORTHAMERICA Protoss - Winner!

Build Orders: Blink Stalkers 

Get SALT Encoding   

  12  0:02  Probe  
  14  0:14  Probe  
  14  0:18  Pylon  
  14  0:26  Probe  
  15  0:35  Probe  
  15  0:38  Gateway  
  16  0:43  Probe  
  16  0:48  Assimilator  
  17  0:52  Probe  
  17  0:57  Assimilator  
  18  1:02  Probe  
  18  1:10  Probe  
  19  1:13  Gateway  
  20  1:19  Probe  
  21  1:27  Cybernetics Core  
  21  1:31  Probe  
  22  1:42  Pylon  
  22  1:43  Probe  
  23  2:00  Probe  
  24  2:04  Stalker x2  
  24  2:05  Warp Gate  
  28  2:12  Pylon  
  28  2:29  Twilight Council  
  28  2:36  Stalker  
  30  2:40  Stalker  
  31  2:47  Blink  
  31  3:15  Nexus  
  31  3:32  Stalker x2  
  35  3:50  Robotics Facility  
  35  3:52  Probe  
  36  4:00  Pylon  
  36  4:04  Probe  
  37  4:16  Probe  
  38  4:20  Sentry  
  38  4:21  Sentry  
  42  4:26  Probe  
  42  4:30  Probe  
  42  4:31  Observer  
  44  4:34  Probe  
  45  4:42  Probe  
  45  4:43  Probe  
  48  4:54  Probe, Pylon  
  48  4:55  Probe  
  50  5:03  Assimilator  
  50  5:06  Probe  
  51  5:07  Probe, Assimilator  
  52  5:15  Zealot  
  52  5:18  Probe  
  52  5:19  Probe, Robotics Bay  
  54  5:27  Stalker  
  54  5:29  Immortal  
  54  5:30  Probe  
  42  5:36  Zealot  
  36  5:55  Stalker  
  37  5:57  Stalker  
  37  5:58  Probe  
  40  6:13  Disruptor  
  41  6:43  Nexus  
  41  6:53  Probe  
  42  6:56  Disruptor  
  45  7:05  Probe  
  46  7:17  Probe  
  47  7:23  Pylon  
  47  7:32  Warp Prism  
  47  7:41  Probe  
  46  7:51  Gravitic Drive  
  46  7:53  Probe  
  47  7:59  Probe  
  47  8:05  Probe  
  49  8:06  Disruptor  
  49  8:07  Probe  
  53  8:17  Probe x2  
  53  8:18  Robotics Facility  
  55  8:29  Probe x2  
  57  8:38  Shield Battery  
  57  8:40  Disruptor  
  57  8:41  Probe x2  
  57  8:47  Gateway  
  59  8:48  Gateway  
  59  8:53  Probe  
  63  8:57  Zealot  
  63  9:01  Stalker  
  63  9:02  Disruptor  
  67  9:07  Pylon  
  63  9:15  Disruptor  
  69  9:28  Pylon  
  69  9:30  Pylon  
  69  9:34  Stalker x2  
  67  9:58  Adept  
  65  10:01  Adept x2  
  65  10:04  Probe  
  70  10:07  Disruptor  
  70  10:08  Disruptor  
  70  10:32  Stalker x2  
  70  10:33  Stalker  
  73  10:45  Pylon, Disruptor  
  73  10:47  Disruptor  
  79  10:57  Assimilator  
  79  11:09  Stalker  
  78  11:18  Stalker  
  78  11:19  Observer  
  78  11:20  Probe  
  78  11:21  Warp Prism  
  84  11:31  Pylon  
  82  11:34  Stalker x2  
  86  11:50  Observer  
  85  12:06  Stalker  
  85  12:07  Stalker x3  
  93  12:11  Disruptor  
  96  12:16  Pylon  
  94  12:39  Nexus  
  94  12:46  Observer  
  94  12:48  Probe  
  94  12:49  Disruptor  
  96  12:52  Adept  
  96  12:53  Adept  
  96  12:56  Pylon  
  100  13:03  Probe  
  104  13:06  Disruptor  
  107  13:13  Probe  
  106  13:25  Disruptor  
  106  13:26  Probe  
  107  13:27  Probe  
  106  13:36  Zealot  
  106  13:39  Disruptor  
  108  13:46  Probe  
  112  13:51  Disruptor  
  112  13:54  Forge  
  112  13:55  Zealot x2  
  116  14:00  Stalker x2  
  116  14:01  Probe  
  124  14:04  Probe  
  124  14:08  Disruptor  
  125  14:10  Probe  
  125  14:13  Probe  
  122  14:30  Disruptor  
  125  14:35  Photon Cannon  
  121  14:41  Stalker x3  
  127  14:49  Disruptor  
  130  15:04  Photon Cannon  
  128  15:34  Pylon  
  128  15:35  Pylon  
  128  15:36  Pylon  
  128  15:37  Nexus  
  128  15:39  Shield Battery  
  128  15:42  Probe  
  97  16:00  Nexus  
  83  16:14  Pylon  
  54  17:58  Gateway  
  53  18:23  Forge  
  49  19:03  Photon Cannon  
Tags
 
Add a new tag
Caveats
  • Supply blocks, unpowered buildings, or Contaminate may cause inaccurate times.
  • Supply counts are checked every 10 seconds.